SAA
SAN BERNARDINO GRASSHOPPERS @ NORTHVILLE ECLIPSE
08/30/2034
 
TOP OF THE 1ST
San Bernardino Grasshoppers batting - Pitching for Northville Eclipse : LHP Lawrence Lane
Pitching: LHP Lawrence Lane
Batting: RHB John Clark 0-0: Swinging Strike
0-1: Called Strike
0-2: Foul Ball, location: 2F
0-2: Foul Ball, location: 2F
0-2: Strikes out swinging
Batting: RHB Lawrence Stokes 0-0: Ball
1-0: Ball
2-0: Ball
3-0: Base on Balls
Batting: RHB Reinaart Manshert 0-0: Called Strike
0-1: Ball
1-1: Called Strike
1-2: Ground out 3-1 (Groundball, 34)
Lawrence Stokes to second
Batting: RHB Jim MacRach 0-0: Ball
1-0: Ball
2-0: Ball
3-0: Base on Balls
Batting: RHB Howard Lee 0-0: Foul Ball, location: 2F
0-1: Ball
1-1: Foul Ball, location: 2F
1-2: Foul Ball, location: 2F
1-2: Foul Ball, location: 2F
1-2: Strikes out swinging
Top of the 1st over - 0 runs, 0 hits, 0 errors, 2 left on base; San Bernardino 0 - Northville 0
BOTTOM OF THE 1ST
Northville Eclipse batting - Pitching for San Bernardino Grasshoppers : RHP Ted Chong
Pitching: RHP Ted Chong
Batting: RHB Bill Wilson 0-0: Called Strike
0-1: Hit by Pitch
Batting: LHB Mihai Dumitru 0-0: Ball
1-0: Foul Ball, location: 2F
1-1: Grounds into double play, 4-6-3 (Groundball, 4)
Batting: LHB Conrad Hessing 0-0: Foul Ball, location: 2F
0-1: Ground out 6-3 (Groundball, 6)
Bottom of the 1st over - 0 runs, 0 hits, 0 errors, 0 left on base; San Bernardino 0 - Northville 0
TOP OF THE 2ND
San Bernardino Grasshoppers batting - Pitching for Northville Eclipse : LHP Lawrence Lane
Batting: RHB Jouo Hirschovits 0-0: Ball
1-0: Ball
2-0: Foul Ball, location: 2F
2-1: Called Strike
2-2: Ball
3-2: SINGLE (Line Drive, 5)
Batting: RHB Vaughn White 0-0: Ball
Wild Pitch!
Jouo Hirschovits to second
1-0: Called Strike
1-1: Ball
2-1: Swinging Strike
2-2: Fly out, F4 (Line Drive, 4)
Batting: RHB Wren Driscoll 0-0: Ground out 6-3 (Groundball, 6)
Jouo Hirschovits to third
Batting: LHB Joe Ellison 0-0: Called Strike
0-1: Called Strike
0-2: Ball
1-2: Strikes out looking
Top of the 2nd over - 0 runs, 1 hit, 0 errors, 1 left on base; San Bernardino 0 - Northville 0
BOTTOM OF THE 2ND
Northville Eclipse batting - Pitching for San Bernardino Grasshoppers : RHP Ted Chong
Batting: LHB Qing-nian Zexian 0-0: Swinging Strike
0-1: Swinging Strike
0-2: Ground out 6-3 (Groundball, 6M)
Batting: LHB Raymond Dudzinski 0-0: Foul Ball, location: 2F
0-1: Ball
1-1: Swinging Strike
1-2: Ground out 1-3 (Groundball, 15S)
Batting: LHB Lonnie Murray 0-0: Called Strike
0-1: Ground out 5-3 (Groundball, 5)
Bottom of the 2nd over - 0 runs, 0 hits, 0 errors, 0 left on base; San Bernardino 0 - Northville 0
TOP OF THE 3RD
San Bernardino Grasshoppers batting - Pitching for Northville Eclipse : LHP Lawrence Lane
Batting: RHB John Clark 0-0: Ball
1-0: Fly out, F9 (Flyball, 9)
Batting: RHB Lawrence Stokes 0-0: Ball
1-0: Ball
2-0: Ball
3-0: Base on Balls
Batting: RHB Reinaart Manshert 0-0: Ground out 4-3 (Groundball, 4M)
Lawrence Stokes to second
Batting: RHB Jim MacRach 0-0: Called Strike
0-1: Ball
1-1: Ball
2-1: Ball
3-1: DOUBLE (Line Drive, 7D)
Lawrence Stokes scores
Batting: RHB Howard Lee 0-0: Called Strike
0-1: Called Strike
0-2: Ball
1-2: Foul Ball, location: 2F
1-2: Foul Ball, location: 2F
1-2: Strikes out looking
Top of the 3rd over - 1 run, 1 hit, 0 errors, 1 left on base; San Bernardino 1 - Northville 0
BOTTOM OF THE 3RD
Northville Eclipse batting - Pitching for San Bernardino Grasshoppers : RHP Ted Chong
Batting: RHB Kauna Aleferede 0-0: Called Strike
0-1: Foul Ball, location: 2F
0-2: Ball
1-2: Ground out 1-3 (Groundball, 13)
Batting: SHB Javier Murillo 0-0: Swinging Strike
0-1: Swinging Strike
0-2: Strikes out swinging
Batting: RHB Miguel Betancourt 0-0: Ball
1-0: Ball
2-0: Ball
3-0: Base on Balls
Batting: RHB Bill Wilson 0-0: Called Strike
0-1: Ball
1-1: Ball
2-1: Reached on error, E6 (Groundball, 6M)
Miguel Betancourt to second
Batting: LHB Mihai Dumitru 0-0: Fly out, F7 (Flyball, 7LS)
Bottom of the 3rd over - 0 runs, 0 hits, 1 error, 2 left on base; San Bernardino 1 - Northville 0
TOP OF THE 4TH
San Bernardino Grasshoppers batting - Pitching for Northville Eclipse : LHP Lawrence Lane
Batting: RHB Jouo Hirschovits 0-0: Ball
1-0: Swinging Strike
1-1: Ball
2-1: SOLO HOME RUN (Flyball, 7LD), Distance : 354 ft
Batting: RHB Vaughn White 0-0: Ball
1-0: Foul Ball, location: 2F
1-1: Foul Ball, location: 2F
1-2: Strikes out swinging
Batting: RHB Wren Driscoll 0-0: Called Strike
0-1: Ball
1-1: Foul Ball, location: 2F
1-2: Foul Ball, location: 2F
1-2: Ball
2-2: Ball
3-2: Ground out 4-3 (Groundball, 4M)
Batting: LHB Joe Ellison 0-0: Ball
1-0: Swinging Strike
1-1: Swinging Strike
1-2: Ground out U3 (Groundball, 3)
Top of the 4th over - 1 run, 1 hit, 0 errors, 0 left on base; San Bernardino 2 - Northville 0
BOTTOM OF THE 4TH
Northville Eclipse batting - Pitching for San Bernardino Grasshoppers : RHP Ted Chong
Batting: LHB Conrad Hessing 0-0: Ball
1-0: Swinging Strike
1-1: TRIPLE (Line Drive, 8RXD)
Batting: LHB Qing-nian Zexian 0-0: Ball
1-0: Ball
2-0: Ball
3-0: Base on Balls
Batting: LHB Raymond Dudzinski 0-0: Ball
1-0: Ball
2-0: Called Strike
2-1: Fly out, F7 (Flyball, 7LM)
Runner from 3rd tags up, OUT at HOME
Qing-nian Zexian to second
Batting: LHB Lonnie Murray 0-0: Ground out 6-3 (Groundball, 6)
Bottom of the 4th over - 0 runs, 1 hit, 0 errors, 1 left on base; San Bernardino 2 - Northville 0
TOP OF THE 5TH
San Bernardino Grasshoppers batting - Pitching for Northville Eclipse : LHP Lawrence Lane
Batting: RHB John Clark 0-0: Ball
1-0: Called Strike
1-1: Ball
2-1: Swinging Strike
2-2: Ball
3-2: Strikes out looking
Batting: RHB Lawrence Stokes 0-0: Ball
1-0: Ball
2-0: Ball
3-0: Base on Balls
Batting: RHB Reinaart Manshert 0-0: Called Strike
0-1: Ground out 4-3 (Groundball, 4S)
Lawrence Stokes to second
Batting: RHB Jim MacRach 0-0: Ball
1-0: Called Strike
1-1: Ball
2-1: SINGLE (Line Drive, 4MD)
Lawrence Stokes to third
Runner from 3rd tries for Home, SAFE, no throw
Batting: RHB Howard Lee 0-0: Ball
1-0: Foul Ball, location: 2F
1-1: Ball
2-1: Fielders Choice at 2nd, 6-4 (Groundball, 6)
Top of the 5th over - 1 run, 1 hit, 0 errors, 1 left on base; San Bernardino 3 - Northville 0
BOTTOM OF THE 5TH
Northville Eclipse batting - Pitching for San Bernardino Grasshoppers : RHP Ted Chong
Batting: RHB Kauna Aleferede 0-0: Ground out 4-3 (Groundball, 4)
Batting: SHB Javier Murillo 0-0: Foul Ball, location: 2F
0-1: Foul Ball, location: 2F
0-2: Strikes out swinging
Batting: RHB Miguel Betancourt 0-0: Ball
1-0: Foul Ball, location: 2F
1-1: Swinging Strike
1-2: Ball
2-2: Ball
3-2: Base on Balls
Batting: RHB Bill Wilson 0-0: Ball
1-0: Called Strike
1-1: Ball
2-1: Foul Ball, location: 2F
2-2: Foul Ball, location: 2F
2-2: Strikes out swinging
Bottom of the 5th over - 0 runs, 0 hits, 0 errors, 1 left on base; San Bernardino 3 - Northville 0
TOP OF THE 6TH
San Bernardino Grasshoppers batting - Pitching for Northville Eclipse : LHP Lawrence Lane
Batting: RHB Jouo Hirschovits 0-0: Ball
1-0: Ball
2-0: SINGLE (Groundball, 6) (infield hit)
Batting: RHB Vaughn White 0-0: Called Strike
0-1: Called Strike
0-2: Ball
1-2: Strikes out swinging
Batting: RHB Wren Driscoll 0-0: Called Strike
Jouo Hirschovits steals 2nd base
0-1: Ball
1-1: Foul Ball, location: 2F
1-2: Fly out, F4 (Flyball, 6MD)
Pitching: RHP Ming-hoa Zhou
Batting: LHB Joe Ellison 0-0: SINGLE (Groundball, 34D)
Jouo Hirschovits to third
Runner from 3rd tries for Home, SAFE, throw made home
Batting: RHB John Clark 0-0: Fly out, F9 (Flyball, 9S)
Top of the 6th over - 1 run, 2 hits, 0 errors, 1 left on base; San Bernardino 4 - Northville 0
BOTTOM OF THE 6TH
Northville Eclipse batting - Pitching for San Bernardino Grasshoppers : RHP Ted Chong
Batting: LHB Mihai Dumitru 0-0: Called Strike
0-1: Swinging Strike
0-2: Ball
1-2: Ball
2-2: Ball
3-2: Ground out 4-3 (Groundball, 4)
Batting: LHB Conrad Hessing 0-0: Ball
1-0: Ground out 5-3 (Groundball, 2L)
Batting: LHB Qing-nian Zexian 0-0: Ball
1-0: Fly out, F8 (Flyball, 8LS)
Bottom of the 6th over - 0 runs, 0 hits, 0 errors, 0 left on base; San Bernardino 4 - Northville 0
TOP OF THE 7TH
San Bernardino Grasshoppers batting - Pitching for Northville Eclipse : RHP Ming-hoa Zhou
Batting: RHB Lawrence Stokes 0-0: Ball
1-0: Foul Ball, location: 2F
1-1: Foul Ball, location: 2F
1-2: Ball
2-2: SINGLE (Groundball, 4D)
Batting: RHB Reinaart Manshert 0-0: Called Strike
0-1: Ball
1-1: Ball
2-1: Foul Ball, location: 2F
2-2: SINGLE (Groundball, 56S) (infield hit)
Lawrence Stokes to second
Batting: RHB Jim MacRach 0-0: Ball
1-0: Swinging Strike
1-1: Ball
2-1: Ground out 4-3 (Groundball, 4MD)
Lawrence Stokes to third
Reinaart Manshert to second
Batting: RHB Howard Lee 0-0: Called Strike
0-1: Ball
1-1: Ball
2-1: Swinging Strike
2-2: Strikes out swinging
Batting: RHB Jouo Hirschovits 0-0: Called Strike
0-1: Ball
1-1: Foul Ball, location: 2F
1-2: Ground out 6-3 (Groundball, 6)
Top of the 7th over - 0 runs, 2 hits, 0 errors, 2 left on base; San Bernardino 4 - Northville 0
BOTTOM OF THE 7TH
Northville Eclipse batting - Pitching for San Bernardino Grasshoppers : RHP Ted Chong
Batting: LHB Raymond Dudzinski 0-0: Ball
1-0: Swinging Strike
1-1: Ball
2-1: Ground out U3 (Groundball, 3S)
Batting: LHB Lonnie Murray 0-0: Called Strike
0-1: Foul Ball, location: 2F
0-2: Ball
1-2: Strikes out swinging
Batting: RHB Kauna Aleferede 0-0: Foul Ball, location: 2F
0-1: Foul Ball, location: 2F
0-2: Foul Ball, location: 2F
0-2: SINGLE (Groundball, 4MD)
Batting: SHB Javier Murillo 0-0: Called Strike
Kauna Aleferede steals 2nd base
0-1: Swinging Strike
0-2: Foul Ball, location: 2F
0-2: Strikes out swinging
Bottom of the 7th over - 0 runs, 1 hit, 0 errors, 1 left on base; San Bernardino 4 - Northville 0
TOP OF THE 8TH
San Bernardino Grasshoppers batting - Pitching for Northville Eclipse : RHP Ming-hoa Zhou
Batting: RHB Vaughn White 0-0: Ball
1-0: Foul Ball, location: 2F
1-1: Swinging Strike
1-2: Strikes out swinging
Batting: RHB Wren Driscoll 0-0: Called Strike
0-1: Ball
1-1: Foul Ball, location: 2F
1-2: Ball
2-2: SINGLE (Line Drive, 56)
Batting: LHB Joe Ellison 0-0: Called Strike
0-1: Ball
1-1: Ball
2-1: Fielders Choice at 2nd, 6-4 (Groundball, 6M)
Batting: RHB John Clark 0-0: Ball
Joe Ellison steals 2nd base
1-0: Ball
2-0: Fly out, F4 (Popup, 34S)
Top of the 8th over - 0 runs, 1 hit, 0 errors, 1 left on base; San Bernardino 4 - Northville 0
BOTTOM OF THE 8TH
Northville Eclipse batting - Pitching for San Bernardino Grasshoppers : RHP Ted Chong
Batting: RHB Miguel Betancourt 0-0: Ball
1-0: Called Strike
1-1: Ball
2-1: Ball
3-1: Swinging Strike
3-2: Fly out, F8 (Flyball, 8RM)
Batting: RHB Bill Wilson 0-0: Ball
1-0: Foul Ball, location: 2F
1-1: Called Strike
1-2: Strikes out looking
Batting: LHB Mihai Dumitru 0-0: Swinging Strike
0-1: Ball
1-1: Swinging Strike
1-2: Ball
2-2: Strikes out swinging
Bottom of the 8th over - 0 runs, 0 hits, 0 errors, 0 left on base; San Bernardino 4 - Northville 0
TOP OF THE 9TH
San Bernardino Grasshoppers batting - Pitching for Northville Eclipse : RHP Ming-hoa Zhou
Batting: RHB Lawrence Stokes 0-0: Foul Ball, location: 2F
0-1: SINGLE (Line Drive, 6MD)
Batting: RHB Reinaart Manshert 0-0: Ball
1-0: Ball
2-0: Swinging Strike
2-1: Foul Ball, location: 2F
2-2: Grounds into double play, 5-4-3 (Groundball, 56)
Batting: RHB Jim MacRach 0-0: Ball
1-0: Ball
2-0: Swinging Strike
2-1: Foul Ball, location: 2F
2-2: Ground out 5-3 (Groundball, 56S)
Top of the 9th over - 0 runs, 1 hit, 0 errors, 0 left on base; San Bernardino 4 - Northville 0
BOTTOM OF THE 9TH
Northville Eclipse batting - Pitching for San Bernardino Grasshoppers : RHP Ted Chong
Pitching: RHP Pedro Huerta
Batting: LHB Conrad Hessing 0-0: Foul Ball, location: 2F
0-1: Ball
1-1: Ground out 6-3 (Groundball, 6MD)
Batting: LHB Qing-nian Zexian 0-0: Foul Ball, location: 2F
0-1: Called Strike
0-2: Ball
1-2: SINGLE (Line Drive, 5D)
Batting: LHB Raymond Dudzinski 0-0: SINGLE (Line Drive, 56D)
Qing-nian Zexian to second
Batting: LHB Lonnie Murray 0-0: Ball
1-0: Fly out, F4 (Popup, 4S)
Batting: RHB Kauna Aleferede 0-0: Foul Ball, location: 2F
0-1: Ground out 6-3 (Groundball, 6S)
Bottom of the 9th over - 0 runs, 2 hits, 0 errors, 2 left on base; San Bernardino 4 - Northville 0
Friday, March 29th, 2019 - OOTP Baseball 18.8 Build 76